 Dungeon Crawl Stone Soup version 0.28.0-45-g0d030f2227 (webtiles) character file.

Game seed: 4120552130619825940

1997 dianekeaton the Cleaver (level 9, -12/69 (70) HPs)
             Began as a Hill Orc Fighter on Apr 12, 2022.
             Mangled by a two-headed ogre
             ... wielding a +0 giant spiked club
              (30 damage)
             ... on level 8 of the Dungeon.
             The game lasted 00:11:22 (6676 turns).

dianekeaton the Cleaver (Hill Orc Fighter)          Turns: 6676, Time: 00:11:22

HP:   -12/69 (70)   AC: 17    Str: 25    XL:     9   Next: 21%
MP:   9/9           EV:  7    Int:  8    God:
Gold: 346           SH:  4    Dex: 12    Spells: 8/8 levels left

rFire   + . .      SeeInvis .   a - +0 war axe
rCold   x . .      Faith    .   c - +0 buckler
rNeg    . . .      Spirit   .   v - +0 plate armour
rPois   .          Reflect  .   d - +0 helmet
rElec   .          Harm     .   (no cloak)
rCorr   .          Rampage  .   (no gloves)
Will    .....                   i - +0 pair of boots
Stlth   ..........              (no amulet)
HPRegen 0.21/turn               g - ring "Senn" {rF+ rC- AC+4 Str+4 Slay+2}
MPRegen 0.11/turn               (no ring)

@: lightly drained
A: no striking features
a: no special abilities


You were on level 8 of the Dungeon.
You visited 1 branch of the dungeon, and saw 8 of its levels.

You collected 346 gold pieces.

Inventory:

Hand Weapons
 a - a +0 war axe (weapon)
Armour
 b - a +0 scale mail
 c - a +0 buckler (worn)
 d - a +0 helmet (worn)
 i - a +0 pair of boots (worn)
 v - a +0 plate armour (worn)
Jewellery
 g - the ring "Senn" (left hand) {rF+ rC- AC+4 Str+4 Slay+2}
   (You found it on level 3 of the Dungeon)

   [ring of protection]

   AC:        It affects your AC (+4).
   Str:       It affects your strength (+4).
   Slay:      It affects your accuracy & damage with ranged weapons and melee
   (+2).
   rF:        It protects you from fire.
   rC:        It makes you vulnerable to cold.
 p - a ring of poison resistance
 A - a ring of willpower
Wands
 z - a wand of charming (9)
Scrolls
 f - a scroll of enchant weapon {unknown}
 h - a scroll of torment {unknown}
 j - 2 scrolls of teleportation {unknown}
 k - 2 scrolls of identify {unknown}
 l - 3 scrolls of immolation {unknown}
 n - 2 scrolls of summoning {unknown}
 o - 2 scrolls of noise {unknown}
 q - a scroll of blinking {unknown}
 t - a scroll of enchant armour {unknown}
 u - a scroll of vulnerability {unknown}
 w - a scroll of acquirement {unknown}
 y - a scroll of fog {unknown}
 C - a scroll of holy word {unknown}
 D - a scroll of amnesia {unknown}
Potions
 e - 4 potions of curing {unknown}
 m - 4 potions of haste {unknown}
 r - a potion of mutation {unknown}
 s - a potion of heal wounds {unknown}
 x - a potion of cancellation {unknown}
 B - a potion of degeneration {unknown}


   Skills:
 - Level 3.6 Fighting
 + Level 13.9 Axes
 + Level 0.1 Throwing
 - Level 3.2 Armour
 + Level 3.1 Dodging
 + Level 2.2 Stealth
 - Level 3.2 Shields


You had 8 spell levels left.
You didn't know any spells.
Your spell library contained the following spells:

 Spells                   Type           Power      Damage    Failure   Level
 Apportation              Tloc           0%         N/A       100%        1
 Foxfire                  Conj/Fire      0%         2x1d4     100%        1
 Magic Dart               Conj           0%         1d3       100%        1
 Searing Ray              Conj           0%         2d4       100%        2
 Sublimation of Blood     Necr           0%         N/A       100%        2
 Wereblood                Tmut           0%         N/A       100%        2
 Conjure Flame            Conj/Fire      0%         6-21      100%        3
 Inner Flame              Hex/Fire       0%         N/A       100%        3
 Flame Wave               Conj/Fire      0%         2d4       100%        4
 Fulminant Prism          Conj/Hex       0%         3d6       100%        4
 Alistair's Intoxication  Tmut/Pois      0%         N/A       100%        5
 Summon Hydra             Summ           0%         N/A       100%        7


Dungeon Overview and Level Annotations

Branches:
Dungeon (8/15)             Temple (0/1) D:7
   Lair: D:8-11

Altars:
Ashenzari
Dithmenos
Okawaru
Qazlal
Trog
Uskayaw
Zin


Message History

a +0 trident; a +0 robe You see here a +0 mace.
Done exploring.
Done exploring.
(D) Dungeon (T) Temple
Where to? (Enter - D:1 @ (x,y), ? - help)
You see here a +0 mace.
Things that are here:
a +0 shortbow; 22 arrows
There is a stone staircase leading down here.
You climb downwards.
There is a stone staircase leading up here.
A two-headed ogre comes into view.
It is wielding a +0 giant spiked club and a +0 giant club.
The two-headed ogre shouts in stereo!
Found 7 stones.
You slash the two-headed ogre!
The two-headed ogre is lightly wounded.
The two-headed ogre hits you with a +0 giant spiked club!
The two-headed ogre hits you with a +0 giant club!
You barely miss the two-headed ogre.
The two-headed ogre is lightly wounded.
The two-headed ogre completely misses you.
The two-headed ogre barely misses you.
You slash the two-headed ogre!
The two-headed ogre is moderately wounded.
You slash the two-headed ogre!
The two-headed ogre is heavily wounded.
The two-headed ogre hits you with a +0 giant spiked club!!
You block the two-headed ogre's attack.
You hit the two-headed ogre.
The two-headed ogre is heavily wounded.
You block the two-headed ogre's attack.
The two-headed ogre hits you with a +0 giant club!
* * * LOW HITPOINT WARNING * * *
You slice the two-headed ogre!!
The two-headed ogre is almost dead.
You barely miss the two-headed ogre.
The two-headed ogre is almost dead.
The two-headed ogre hits you with a +0 giant spiked club!!
You die...

##############(
...............
#....@O......
####............
#..<............
#.##............
#...............
####............
############.


You could see a two-headed ogre.

Vanquished Creatures
  A wyvern (D:7)
  A steam dragon (D:6)
  2 water moccasins
  A black bear (D:5)
  An ogre (D:5)
  A sky beast (D:7)
  4 centaurs
  A phantom (D:5)
  Blork the orc (D:6)
  A bullfrog (D:7)
  2 scorpions
  A water moccasin zombie (D:7)
  2 wyvern skeletons
  A water moccasin skeleton (D:6)
  3 wights (D:7)
  A howler monkey (D:5)
  3 hounds
  2 iguanas
  5 adders
  A howler monkey skeleton (D:7)
  A white imp (D:5)
  An ufetubus (D:5)
  A worm (D:3)
  2 dart slugs
  13 orcs
  3 ball pythons
  A bat (D:3)
  3 endoplasms
  A giant cockroach (D:3)
  4 goblins
  A hobgoblin (D:4)
  2 quokkas (D:3)
  3 frilled lizards (D:3)
  2 kobolds
  2 rats (D:3)
75 creatures vanquished.

Vanquished Creatures (others)
  A plant (D:1)
1 creature vanquished.

Grand Total: 76 creatures vanquished

Notes
Turn   | Place    | Note
-------+----------+-------------------------------------------
     0 | D:1      | dianekeaton the Hill Orc Fighter began the quest for the
                  | Orb.
     0 | D:1      | Reached XP level 1. HP: 19/19 MP: 1/1
   193 | D:3      | Found a bloodstained altar of Trog.
   200 | D:3      | Reached skill level 3 in Axes
   472 | D:3      | Identified the ring "Senn" {rF+ rC- AC+4 Str+4 Slay+2}
   578 | D:3      | Reached XP level 2. HP: 26/26 MP: 2/2
   770 | D:3      | Reached skill level 4 in Axes
   770 | D:3      | Reached XP level 3. HP: 31/31 MP: 3/3
  1579 | D:4      | Found a shadowy altar of Dithmenos.
  1592 | D:4      | Found an iron altar of Okawaru.
  1638 | D:4      | Found a broken altar of Ashenzari.
  1657 | D:4      | Noticed a +0 short sword
  1657 | D:4      | Noticed a +0 falchion
  1658 | D:4      | Noticed a +0 spear
  1658 | D:4      | Noticed a +0 falchion
  1659 | D:4      | Noticed a +0 dagger
  1659 | D:4      | Noticed a +0 short sword
  1659 | D:4      | Noticed a +0 dagger
  1661 | D:4      | Noticed a +0 spear
  1703 | D:4      | Found a hide-covered altar of Uskayaw.
  1710 | D:4      | Reached skill level 5 in Axes
  1710 | D:4      | Reached skill level 1 in Dodging
  1710 | D:4      | Reached XP level 4. HP: 30/39 MP: 4/4
  1977 | D:4      | Noticed a scorpion
  1984 | D:4      | Found a stormy altar of Qazlal.
  2006 | D:4      | Killed a scorpion
  2007 | D:4      | Reached skill level 6 in Axes
  2007 | D:4      | Reached XP level 5. HP: 21/45 MP: 5/5
  2396 | D:4      | Found a glowing silver altar of Zin.
  2626 | D:5      | Entered Level 5 of the Dungeon
  2631 | D:5      | Reached skill level 1 in Stealth
  2781 | D:5      | Reached skill level 7 in Axes
  2781 | D:5      | Reached XP level 6. HP: 24/51 MP: 6/6
  2798 | D:5      | Reached skill level 8 in Axes
  2981 | D:5      | Noticed a black bear
  2993 | D:5      | Killed a black bear
  2994 | D:5      | Reached XP level 7. HP: 54/57 MP: 7/7
  3299 | D:5      | Reached skill level 9 in Axes
  4181 | D:6      | Reached skill level 10 in Axes
  4632 | D:6      | Noticed Blork the orc
  4643 | D:6      | Killed Blork the orc
  4644 | D:6      | Reached XP level 8. HP: 51/64 MP: 8/8
  4966 | D:6      | Reached skill level 11 in Axes
  5365 | D:7      | Found a staircase to the Ecumenical Temple.
  5614 | D:7      | Reached skill level 12 in Axes
  5765 | D:7      | Noticed a wyvern
  5774 | D:7      | Killed a wyvern
  5788 | D:7      | Reached skill level 13 in Axes
  5976 | D:7      | Reached XP level 9. HP: 69/70 MP: 9/9
  6665 | D:8      | Noticed a two-headed ogre
  6676 | D:8      | Mangled by a two-headed ogre

Illustrated notes

Levels and vault maps discovered:
D:1:      kennysheep_arrival_seaside, layout_loops_corners, serial_shops, shop,
          shapermc_ecumenical_altar_mp_highgroup
D:2:      layout_rooms, basic_altar
D:3:      layout_basic, trog_butcher_becter
D:4:      layout_rooms, nicolae_qazlal_general_emergency,
          mainiacjoe_overflow_catwalk, grunt_dithmenos_smoke, lemuel_tele_altar,
          nicolae_uskayaw_en_pointe, mainiacjoe_overflow_concentric_impassable,
          minmay_surrounded
D:5:      layout_basic, nicolae_figureground_pulse
D:6:      layout_basic, minmay_misc_feat_secret_circle, uniq_blork_the_orc
D:7:      layout_cave_pods, temple_doors_ab
D:8:      layout_basic, cheibrodos_worm_habitat, dpeg_lair_monsters

Skill      XL: |  1  2  3  4  5  6  7  8 |
---------------+-------------------------+-----
Axes           | 3 4 5 6 7 8 10 13 | 13.9
Dodging        | 1 2 3 |  3.1
Stealth        | 1 2 |  2.2
Fighting       | |  3.6
Throwing       | |  0.1
Armour         | |  3.2
Shields        | |  3.2

Action                   |  1- 3 |  4- 6 |  7- 9 || total
-------------------------+-------+-------+-------++-------
Melee: War axe           |    78 |    64 |   156 ||   298
Throw: Throwing net      |       |       |     1 ||     1
  Use: Potion            |       |     1 |       ||     1
Armor: Scale mail        |    50 |    46 |    33 ||   129
       Plate armour      |       |       |    69 ||    69
Dodge: Dodged            |    48 |    35 |    54 ||   137
Block: Buckler           |    23 |     8 |    40 ||    71
